 Dungeon Crawl Stone Soup version 0.29-a0-1027-gcd8c55af63 (webtiles) character file.

Game seed: 8265259684007982645

6 Zonian the Grave Robber (level 1, 0/13 HPs)
             Began as a Demonspawn Necromancer on Aug 12, 2022.
             Slain by a frilled lizard (1 damage)
             ... on level 1 of the Dungeon.
             The game lasted 00:00:35 (35 turns).

Zonian the Grave Robber (Demonspawn Necromancer)      Turns: 35, Time: 00:00:35

Health: 0/13       AC:  2    Str:  8    XL:     1   Next: 75%
Magic:  0/3        EV: 12    Int: 16    God:
Gold:   0          SH:  0    Dex: 13    Spells: 3/4 levels left

rFire   . . .      SeeInvis .   (no weapon)
rCold   . . .      Faith    .   (no shield)
rNeg    . . .      Spirit   .   a - +0 robe
rPois   .          Reflect  .   (no helmet)
rElec   .          Harm     .   (no cloak)
rCorr   .          Rampage  .   (no gloves)
Will    .....                   (no boots)
Stlth   ++........              (no amulet)
HPRegen 0.04/turn               (no ring)
MPRegen 0.08/turn               (no ring)

@: no status effects
A: no striking features
a: no special abilities


You were on level 1 of the Dungeon.
You visited 1 branch of the dungeon, and saw 1 of its levels.

Inventory:

Armour
 a - a +0 robe (worn)


   Skills:
 + Level 1.9 Dodging
 + Level 1.9 Stealth
 + Level 2.1 Spellcasting
 + Level 4.5 Necromancy


You had 3 spell levels left.
You knew the following spells:

 Your Spells              Type           Power      Damage    Failure   Level
a - Necrotise             Necr           64%        1d7       3%          1

Your spell library contained the following spells:

 Spells                   Type           Power      Damage    Failure   Level
 Vampiric Draining        Necr           16%        2d7       10%         3
 Animate Dead             Necr           16%        N/A       32%         4
 Agony                    Necr           16%        N/A       65%         5


Dungeon Overview and Level Annotations

Branches:
Dungeon (1/15)

Altars:


Message History

The frilled lizard bites you but does no damage.
Your kobold skeleton hits the frilled lizard.
You barely miss the frilled lizard.
The frilled lizard is heavily wounded.
The frilled lizard bites you but does no damage.
The frilled lizard barely misses you.
You hit the frilled lizard.
You kill the frilled lizard!
Your kobold skeleton closely misses the goblin.
The frilled lizard bites you.
* * * LOW HITPOINT WARNING * * *
The goblin hits your kobold skeleton with a +0 dagger.
Unknown command.
The frilled lizard attacks as you move away!
The frilled lizard misses you.
Your kobold skeleton hits the goblin.
The goblin hits your kobold skeleton with a +0 dagger.
Your kobold skeleton is destroyed!
The frilled lizard attacks as you move away!
The frilled lizard bites you.
* * * LOW HITPOINT WARNING * * *
Casting: Necrotise (safe; 3% risk of failure)
Confirm with . or Enter, or press ? or * to list all spells.
Aiming: Necrotise (safe; 3% risk of failure)
Press: ? - help, Shift-Dir - straight line, f - goblin
Aim: a goblin, wielding a +0 dagger (moderately wounded, chance to affect: 86%)
The goblin writhes in agony!
You kill the goblin!
The frilled lizard misses you.
Your magical contamination has completely faded away.
The frilled lizard attacks as you move away!
The frilled lizard misses you.
The frilled lizard attacks as you move away!
The frilled lizard bites you but does no damage.
You aren't carrying any potions.
Unknown command.
You aren't carrying any scrolls.
Unknown command.
The frilled lizard attacks as you move away!
The frilled lizard bites you.
You die...

#....... ###......# .
.....###........##..
..................
.........##......
...............#
............#.####
......#..#..l@...##
........##.####...##
......).Z).####......
.........†...........
.##..###.........###.
.... ##.......## .#.
#.......# #
##.......##
###.........###


You could see a frilled lizard.

Vanquished Creatures
  An endoplasm (D:1)
  A giant cockroach (D:1)
  A goblin (D:1)
  A kobold (D:1)
  A frilled lizard (D:1)
5 creatures vanquished.

Notes
Turn   | Place    | Note
-------+----------+-------------------------------------------
     0 | D:1      | Zonian the Demonspawn Necromancer began the quest for the
                  | Orb.
     0 | D:1      | Reached XP level 1. HP: 13/13 MP: 3/3
    35 | D:1      | Slain by a frilled lizard

Illustrated notes

Levels and vault maps discovered:
D:1:      minmay_arrival_four_circles, layout_rooms,
          chequers_serial_rivers_micro_d

Action                   || total
-------------------------++-------
Melee: Unarmed           ||     7
 Cast: Necrotise         ||     6
  Use: Potion            ||     1
Armor: Robe              ||     4
Dodge: Dodged            ||    10

Table legend: (Time is in decaauts)
 A = Elapsed time spent in this place.
 B = Non-inter-level travel time spent in this place.
 C = Inter-level travel time spent in this place.
 D = Time resting spent in this place.
 E = Time spent auto-exploring this place.
 F = Levels seen in this place.
 G = Mean time per level.
                   A        B        C        D        E       F      G
               +--------+--------+--------+--------+--------+-----+--------+
         Total |     35 |     35 |      0 |      0 |      7 |   1 |   35.0 |
       Dungeon |     35 |     35 |      0 |      0 |      7 |   1 |   35.0 |
               +--------+--------+--------+--------+--------+-----+--------+

Top non-repeatable levels by time:
     D:1: 35 daAuts
